 Dungeon Crawl Stone Soup version 0.17-a0-737-gf0a300a (webtiles) character file.

52 DEFE the Magician (level 3, -5/17 HPs)
             Began as a Spriggan Wizard on Apr 26, 2015.
             Killed by miscasting Mephitic Cloud (11 damage)
             ... on level 2 of the Dungeon.
             The game lasted 00:06:30 (2339 turns).

DEFE the Magician (Spriggan Wizard)                 Turns: 2339, Time: 00:06:30

Health: -5/17      AC:  3    Str:  3    XL:     3   Next: 60%
Magic:  7/10       EV: 18    Int: 20    God:
Gold:   57         SH:  0    Dex: 14    Spells: 2 memorised, 7 levels left

rFire  . . .     SeeInvis +     f - +1 dagger
rCold  . . .     Clarity  .     a - +0 robe
rNeg   . . .     SustAb   .     (shield restricted)
rPois  .         Gourm    .     b - +1 hat
rElec  .         Spirit   .     (no cloak)
rCorr  .         Warding  .     (gloves unavailable)
rMut   .         Stasis   .     (boots unavailable)
MR     .....                    l - amulet of inaccuracy (curse)
Stlth  +++.......               (no ring)
                                (no ring)

@: very slightly contaminated, very quick, not resistant to hostile
enchantments, fairly stealthy
A: unfitting armour, see invisible, herbivore 3, speed 3, slow metabolism 2
a: no special abilities


You were on level 2 of the Dungeon.
You were not hungry.

You visited 1 branch of the dungeon, and saw 2 of its levels.

You collected 57 gold pieces.

Inventory:

Hand weapons
 f - a +1 dagger (weapon)
Armour
 a - a +0 robe (worn)
 b - a +1 hat (worn)
Jewellery
 l - a cursed amulet of inaccuracy (around neck)
Scrolls
 g - 3 scrolls of identify
 i - a scroll of magic mapping {unknown}
Potions
 e - a potion of ambrosia
 h - a potion of agility {unknown}
 j - a potion of haste
Books
 c - a book of Minor Magic

   Spells                             Type                      Level
   a - Magic Dart                     Conjuration                  1
   b - Blink                          Translocation                2
   c - Call Imp                       Summoning                    2
   d - Repel Missiles                 Charms/Air                   2
   e - Slow                           Hexes                        2
   f - Conjure Flame                  Conjuration/Fire             3
   g - Mephitic Cloud                 Conjuration/Poison/Air       3
Comestibles
 d - a bread ration


   Skills:
 + Level 0.8 Fighting
 + Level 3.7 Dodging
 + Level 3.7 Stealth
 + Level 4.5 Spellcasting
 + Level 1.2 Conjurations
   Level 0.7 Summonings
   Level 1.5 Translocations


You had 7 spell levels left.
You knew the following spells:

 Your Spells              Type           Power        Failure   Level  Hunger
a - Magic Dart            Conj           #...         10%         1    None
b - Mephitic Cloud        Conj/Pois/Air  #.......     30%         3    ##.....


Dungeon Overview and Level Annotations

Branches:
Dungeon (2/15)

Altars:


Innate Abilities, Weirdness & Mutations

You are tiny and cannot use many weapons and most armour.
You have supernaturally acute eyesight.
You are a herbivore.
You cover ground extremely quickly.
You need consume almost no food.


Message History

The kobold misses you.
The giant cockroach bites you but does no damage.
You completely miss the giant cockroach.
The giant cockroach closely misses you. The kobold barely misses you.
You hit the giant cockroach but do no damage.
The giant cockroach misses you. The kobold hits you with a short sword.
The giant cockroach barely misses you.
You hit the giant cockroach but do no damage.
The kobold hits you with a short sword. The giant cockroach bites you.
The giant cockroach waves its antennae.
Casting: Magic Dart
Confirm with . or Enter, or press ? or * to list all spells.
Aiming: Mephitic Cloud
Press: ? - help, Shift-Dir - straight line, f - kobold
Aim: a kobold, wielding a short sword You miscast Mephitic Cloud.
You are very lightly contaminated with residual magic.
A wave of violent energy washes through your body!
Ouch! That really hurt!
You die...

#... #.## #..##... #.%#..#
#..#.#)# #.s(..# ##..#.#%#
#.K.#..# ########.#.##...
### #......@.#..##.##.
##.## #.#####...........
#.#.######.#####..####.....
.###.##.......##....# .#..
..#.###.##.##.##.##.......
.#.####.##.##.##.# ###.##
.#......##.......# #
.############.##.......# .#
#.#########


You could see a giant cockroach and a kobold.

Vanquished Creatures
  2 adders (D:2)
  A worm (D:2)
  3 giant geckos
  A ball python (D:2)
  6 goblins
  2 hobgoblins
  3 jackals (D:2)
  4 bats (D:1)
  A giant cockroach (D:2)
  2 giant newts (D:2)
  3 kobolds
  4 rats
32 creatures vanquished.

Vanquished Creatures (others)
  A goblin (D:1)
1 creature vanquished.

Grand Total: 33 creatures vanquished

Notes
Turn   | Place    | Note
--------------------------------------------------------------
     0 | D:1      | DEFE, the Spriggan Wizard, began the quest for the Orb.
     0 | D:1      | Reached XP level 1. HP: 9/9 MP: 6/6
   594 | D:1      | Reached XP level 2. HP: 13/13 MP: 5/8
  1050 | D:1      | Reached skill level 1 in Conjurations
  1397 | D:2      | Reached XP level 3. HP: 12/16 MP: 3/9
  2083 | D:1      | Learned a level 3 spell: Mephitic Cloud
  2339 | D:2      | Killed by miscasting Mephitic Cloud

Action                   || total
-------------------------++-------
Melee: Dagger            ||   110
       Unarmed           ||    13
 Cast: Magic Dart        ||    68
       Mephitic Cloud    ||     2
  Use: Scroll            ||     6
 Stab: Sleeping          ||     3
